 Dungeon Crawl Stone Soup version 0.30-a0-782-ge64f9170bb (webtiles) character file.

Game seed: 12294111322465003520

5567 Crownlay the Thaumaturge (level 10, -4/56 HPs)
             Began as an Octopode Earth Elementalist on Feb 26, 2023.
             Was a Follower of Ashenzari.
             Slain by a kobold brigand
             ... wielding a +0 whip
              (8 damage)
             ... on level 9 of the Dungeon.
             The game lasted 00:14:19 (8187 turns).

Crownlay the Thaumaturge (OpEE)                     Turns: 8187, Time: 00:14:19

Health: -4/56      AC:  2    Str:  7    XL:     10   Next: 72%
Magic:  16/24      EV: 13    Int: 29    God:    Ashenzari [*.....]
Gold:   504        SH:  0    Dex: 12    Spells: 26/30 levels left

rFire   . . .      SeeInvis .    d - staff of earth (curse) {Range, Elem}
rCold   . . .      Faith    .    (no shield)
rNeg    . . .      Spirit   .    r - +1 hat "Shackled Together" {Cun, Fort} (curse)
rPois   .          Reflect  .    (no amulet)
rElec   .          Harm     .    t - ring "Overhang to Understand" {Int+6, Bglg, Self} (curse)
rCorr   .          Rampage  .    (no ring)
Will    .....                    (no ring)
Stlth   ++++                     (no ring)
HPRegen 0.29/turn                (no ring)
MPRegen 0.19/turn                (no ring)
                                 (no ring)
                                 (no ring)

@: no status effects
A: almost no armour, amphibious, 8 rings, camouflage 1, gelatinous body 1,
(nimble swimmer 1), tentacles
a: Renounce Religion, Curse Item, Shatter the Chains


You were on level 9 of the Dungeon.
You worshipped Ashenzari.
Ashenzari was aware of your devotion.
You visited 2 branches of the dungeon, and saw 10 of its levels.

You collected 504 gold pieces.

Inventory:

Hand Weapons
 C - a +4 trident
Missiles
 p - 5 throwing nets
Armour
 r - the cursed +1 hat "Shackled Together" (worn) {Cun, Fort}
   (You found it on level 5 of the Dungeon)

   It has a curse which improves the following skills: Cunning: Dodging and
   Stealth.
   Fortitude: Shields.
Magical Staves
 d - a cursed staff of earth (weapon) {Range, Elem}
Jewellery
 t - the cursed ring "Overhang to Understand" (left tentacle) {Int+6, Bglg, Self}
   (You found it on level 6 of the Dungeon)

   [ring of intelligence]

   Int:       It affects your intelligence (+6).
   It has a curse which improves the following skills: Beguiling: Conjurations,
   Hexes and Translocations.
   Introspection: Fighting and Spellcasting.
Wands
 o - a wand of polymorph (7)
 A - a wand of paralysis (15)
Scrolls
 c - 7 scrolls of teleportation
 e - 3 scrolls of enchant armour
 j - 4 scrolls of fear
 n - 2 scrolls of silence
 u - 3 scrolls of enchant weapon
 v - 3 scrolls of amnesia
 x - a scroll of vulnerability
 y - 4 scrolls of poison
 B - a scroll of summoning
Potions
 a - 2 potions of magic
 b - 3 potions of might
 g - a potion of ambrosia
 h - 2 potions of haste
 i - 2 potions of cancellation
 k - a potion of resistance
 l - 3 potions of degeneration
 q - 4 potions of attraction
 s - a potion of lignification
 w - a potion of curing
 z - 2 potions of mutation


   Skills:
 - Level 2.0(2.6) Dodging
 - Level 5.1(6.0) Stealth
 * Level 10.0(10.8) Spellcasting
 + Level 6.2(7.1) Conjurations
 - Level 4.0 Transmutations
 - Level 3.0(3.7) Ice Magic
 + Level 8.1(9.0) Earth Magic


You had 26 spell levels left.
You knew the following spells:

 Your Spells              Type           Power      Damage    Failure   Level
a - Sandblast             Erth           100%       2d20      1%          1
b - Stone Arrow           Conj/Erth      100%       3d13      1%          3

Your spell library contained the following spells:

 Spells                   Type           Power      Damage    Failure   Level
 Passwall                 Tmut/Erth      57%        N/A       1%          2
 Ozocubu's Armour         Ice            37%        N/A       2%          3
 Petrify                  Tmut/Erth      69%        N/A       2%          4
 Sublimation of Blood     Necr           15%        N/A       5%          2
 Irradiate                Conj/Tmut      24%        3d19      10%         5
 Ozocubu's Refrigeration  Ice            18%        4d11      99%         7


Dungeon Overview and Level Annotations

Branches:
Dungeon (9/15)             Temple (1/1) D:5            Lair (0/5) D:8
    Orc: D:9-12

Altars:
Ashenzari
Fedhas
Gozag
Kikubaaqudgha
Nemelex Xobeh
Sif Muna
Wu Jian
Xom
Zin
The Shining One

Shops:
D:1 :   D:4 (   D:7 *

Annotations:
D:9 exclusions: obsidian statue and orange crystal statue


Innate Abilities, Weirdness & Mutations

You cannot wear most types of armour.
You are amphibious.
You can wear up to eight rings at the same time.
Your skin changes colour to match your surroundings (Stealth+).
Your rubbery body absorbs attacks. (AC +1, EV +1)
((You are camouflaged when in or above water. (Stealth+)))
You have tentacles for arms and can constrict up to eight enemies at once.


Message History

Aim: a kobold, wielding a +0 short sword and quivering poisoned darts (moderately wounded, 82% to hit)
You feel a surge of power!
The blast of sand hits the kobold!!
You kill the kobold!
* * * LOW HITPOINT WARNING * * *
You feel very sick.
Casting: Sandblast (safe; 1% risk of failure)
Confirm with . or Enter, or press ? or * to list all spells.
Aiming: Sandblast (safe; 1% risk of failure)
Press: ? - help, Shift-Dir - straight line, f - kobold brigand
Aim: a kobold brigand, wielding a +0 whip and quivering poisoned darts (82% to hit)
You feel a surge of power!
The blast of sand hits the kobold brigand!
The kobold brigand is heavily wounded.
You feel very sick. The kobold brigand misses you.
The kobold brigand hits you with a +0 whip!
* * * LOW HITPOINT WARNING * * *
You feel better.
The kobold brigand hits you with a +0 whip.
* * * LOW HITPOINT WARNING * * *
Casting: Sandblast (safe; 1% risk of failure)
Confirm with . or Enter, or press ? or * to list all spells.
Aiming: Sandblast (safe; 1% risk of failure)
Press: ? - help, Shift-Dir - straight line, f/p - kobold brigand
Aim: a kobold brigand, wielding a +0 whip and quivering poisoned darts (heavily wounded, 82% to hit)
You feel a surge of power!
The blast of sand misses the kobold brigand.
The kobold brigand hits you with a +0 whip.
* * * LOW HITPOINT WARNING * * *
Casting: Sandblast (safe; 1% risk of failure)
Confirm with . or Enter, or press ? or * to list all spells.
Aiming: Sandblast (safe; 1% risk of failure)
Press: ? - help, Shift-Dir - straight line, f/p - kobold brigand
Aim: a kobold brigand, wielding a +0 whip and quivering poisoned darts (heavily wounded, 82% to hit)
You feel a surge of power!
The blast of sand hits the kobold brigand!
The kobold brigand is almost dead.
The kobold brigand closely misses you.
The kobold brigand hits you with a +0 whip!
You die...

............# #.....
............#########.....
..........................
.............####.........
...>.........#..#.........
#
..<..........'..#.........
####
########.....#..#.........
..[##
...).#####.#..##########
....# ......K@.###........
# ##..#
...$..).............####
##..#
..$..)..............#...
.#..#
....................#...
#...#
....................#...
.#..#
....................#...
##..#
>...###.............#...
##..#
....#.#....##########...
#...#####
.###.#....#............


You could see a kobold brigand.

Vanquished Creatures
  A hydra (D:9)
  Harold (D:9)
  A two-headed ogre (D:9)
  An unseen horror (D:9)
  A wyvern (D:7)
  An acid dragon (D:9)
  A water moccasin (D:4)
  An orc warrior (D:8)
  2 black bears (D:4)
  A sky beast (D:7)
  2 ogres
  3 ice beasts (D:6)
  2 centaurs
  2 kobold brigands (D:8)
  2 bullfrogs
  2 necrophages
  8 wights
  13 killer bees
  4 howler monkeys
  A jelly (D:6)
  4 hounds
  An orc priest (D:9)
  2 iguanas
  6 orc wizards
  2 gnolls (D:4)
  8 adders
  A shadow imp (D:7)
  2 white imps
  4 worms
  3 dart slugs
  23 orcs
  7 ball pythons
  7 endoplasms
  8 giant cockroaches
  8 hobgoblins
  5 jackals
  21 kobolds
  3 quokkas
  5 bats
  4 frilled lizards
  5 goblins
  8 rats
187 creatures vanquished.

Notes
Turn   | Place    | Note
-------+----------+-------------------------------------------
     0 | D:1      | Crownlay the Octopode Earth Elementalist began the quest
                  | for the Orb.
     0 | D:1      | Reached XP level 1. HP: 11/11 MP: 3/3
   254 | D:1      | Reached XP level 2. HP: 17/17 MP: 3/5
   288 | D:1      | Found a faded altar of an unknown god.
  1052 | D:1      | Reached XP level 3. HP: 21/21 MP: 5/7
  1112 | D:1      | Found Bog Xaq's Book Emporium.
  1244 | D:1      | Reached skill level 3 in Spellcasting
  1332 | D:1      | Learned a level 3 spell: Stone Arrow
  1745 | D:2      | Reached XP level 4. HP: 27/27 MP: 4/8
  2038 | D:2      | Reached skill level 1 in Ice Magic
  2801 | D:4      | Noticed a black bear
  2815 | D:4      | Killed a black bear
  2816 | D:4      | Reached skill level 4 in Spellcasting
  2816 | D:4      | Reached XP level 5. HP: 17/31 MP: 4/11
  3003 | D:4      | Found Jimomn's Weapon Boutique.
  3134 | D:4      | Reached XP level 6. HP: 36/36 MP: 10/12
  3188 | D:4      | Noticed a water moccasin
  3194 | D:4      | Killed a water moccasin
  3427 | D:4      | Reached skill level 5 in Spellcasting
  3577 | D:4      | Noticed a black bear
  3589 | D:4      | Killed a black bear
  3590 | D:4      | Reached XP level 7. HP: 41/41 MP: 9/14
  3664 | D:5      | Entered Level 5 of the Dungeon
  3889 | D:5      | Reached skill level 1 in Conjurations
  3890 | D:5      | Reached skill level 5 in Earth Magic
  3961 | D:5      | Reached XP level 8. HP: 46/46 MP: 13/16
  4021 | D:5      | Reached skill level 6 in Spellcasting
  4069 | D:5      | Found a staircase to the Ecumenical Temple.
  4129 | Temple   | Entered the Ecumenical Temple
  4388 | Temple   | Became a worshipper of Ashenzari the Shackled
  5441 | D:7      | Noticed a wyvern
  5521 | D:7      | Killed a wyvern
  5522 | D:7      | Reached skill level 7 in Spellcasting
  5575 | D:7      | Reached XP level 9. HP: 47/51 MP: 13/19
  5628 | D:7      | Found Wuehush's Lightly-Used Armoury.
  6435 | D:8      | Reached skill level 5 in Stealth
  6538 | D:8      | Reached * piety under Ashenzari
  6756 | D:8      | Found a staircase to the Lair.
  6771 | D:8      | Reached skill level 8 in Spellcasting
  7303 | D:9      | Reached XP level 10. HP: 56/56 MP: 19/23
  7327 | D:9      | Noticed an orange crystal statue
  7332 | D:9      | Noticed a cyclops
  7342 | D:9      | Noticed Harold
  7349 | D:9      | Killed Harold
  7350 | D:9      | Reached skill level 9 in Spellcasting
  7350 | D:9      | Reached skill level 5 in Conjurations
  7565 | D:9      | Killed an unseen horror
  7730 | D:9      | Noticed an eight-headed hydra
  7737 | D:9      | Killed an eight-headed hydra
  7950 | D:9      | Noticed an obsidian statue
  7963 | D:9      | Noticed a two-headed ogre
  7969 | D:9      | Killed a two-headed ogre
  7984 | D:9      | Reached skill level 10 in Spellcasting
  8184 | D:9      | HP: 2/56 [kobold brigand/+0 whip (11)]
  8187 | D:9      | Slain by a kobold brigand

Illustrated notes

Levels and vault maps discovered:
D:1:      psy_arrival_radial01, layout_basic, basic_ecumenical_altar,
          serial_shops, nicolae_shop_hallway_plus,
          chequers_serial_rivers_small_a
D:2:      layout_loops_cross, kennysheep_potato
D:3:      layout_rooms
D:4:      layout_basic, serial_shops, nicolae_stop_n_shop_1
D:5:      layout_loops_ring, minmay_temple_entry_grid
D:6:      layout_loops_cross
D:7:      layout_rooms, serial_glass, glass_columns_b, glass_columns_a,
          item_on_display_b, due_unseen_surprise, feat_on_display,
          minmay_shop_damaged, corexii_hall_statues_s, minivault_24,
          chequers_serial_rivers_micro_b
D:8:      layout_basic, lair_entry_dummy, grunt_ogre_cave, grunt_ministairs_7
D:9:      minmay_separated_statues, layout_irregular_city,
          hangedman_corner_corridor, uniq_harold
Temple:   jpeg_temple_alley_garden

Skill      XL: |  1  2  3  4  5  6  7  8  9 10 |
---------------+-------------------------------+-----
Spellcasting   | 3 4 5 7 8 10 | 10.0
Ice Magic      | 2 3 |  3.0
Earth Magic    | 4 5 6 7 8 |  8.1
Conjurations   | 1 3 4 6 |  6.2
Transmutations | 2 3 4 |  4.0
Stealth        | 3 5 |  5.1
Dodging        | |  2.0

Action                     |  1- 3 |  4- 6 |  7- 9 | 10-12 || total
---------------------------+-------+-------+-------+-------++-------
  Melee: Unarmed           |     1 |       |       |       ||     1
         Staff             |     2 |     2 |     2 |       ||     6
         Constrict         |     1 |     1 |       |       ||     2
         Tentacles         |     1 |       |       |       ||     1
   Cast: Sandblast         |    49 |    67 |   128 |    29 ||   273
         Stone Arrow       |       |     1 |     5 |     6 ||    12
 Invoke: Curse Item        |       |       |     3 |       ||     3
    Use: Scroll            |       |     5 |     3 |     2 ||    10
         Potion            |       |       |       |     3 ||     3
 Armour: Skin              |     2 |     2 |     6 |     7 ||    17
  Dodge: Dodged            |     8 |    12 |    49 |    16 ||    85

Table legend: (Time is in decaauts)
 A = Elapsed time spent in this place.
 B = Non-inter-level travel time spent in this place.
 C = Inter-level travel time spent in this place.
 D = Time resting spent in this place.
 E = Time spent auto-exploring this place.
 F = Levels seen in this place.
 G = Mean time per level.
                   A        B        C        D        E       F      G
               +--------+--------+--------+--------+--------+-----+--------+
         Total |   8324 |   8017 |    307 |     56 |   6875 |  10 |  832.4 |
       Dungeon |   8032 |   7815 |    217 |     56 |   6700 |   9 |  892.4 |
        Temple |    291 |    201 |     90 |      0 |    175 |   1 |  291.0 |
               +--------+--------+--------+--------+--------+-----+--------+

Top non-repeatable levels by time:
     D:1: 1381 daAuts
     D:8: 1037 daAuts
     D:4: 914 daAuts
     D:2: 893 daAuts
     D:7: 860 daAuts
     D:9: 830 daAuts
     D:5: 823 daAuts
     D:6: 759 daAuts
     D:3: 532 daAuts
  Temple: 291 daAuts
